[Event "*** Titled Tuesday Blitz"]
[Site "Chess.com"]
[Date "2020.10.20"]
[Round "3"]
[White "ftorodent"]
[Black "Manukyan_Artak"]
[Result "1-0"]
[WhiteElo "2672"]
[BlackElo "2405"]
[TimeControl "180+1"]
[EndTime "10:29:38 PDT"]
[Termination "ftorodent won on time"]

1. d4 Nf6 2. c4 e6 3. Nf3 c5 4.
d5 exd5 5. cxd5 d6 6. Nc3 a6 7.
a4 g6 8. Bf4 Bg7 9. e3 O-O 10.
h3 Bf5 11. Nd2 Re8 12. g4 Be4 13. f3 Bxd5 14. g5 Nh5 15. Nxd5 Nxf4 16. Nxf4 Qxg5 17. Ne4 Qh4+ 18. Ke2 Nc6 19. Qe1 Qe7 20. Nd5 Qe5 21. Rd1 f5 22. Nec3 Nd4+ 23. Kf2 Nc2 24. Qd2 Nb4 25.
Nxb4 cxb4 26. Qd5+ Kh8 27. Qxe5 Bxe5 28. Nd5 Rac8 29.
Nxb4 Bxb2 30. Bd3 Ba3 31. Nd5 Rc5 32. e4 fxe4 33. Bxe4 Bb2 34. h4 b5 35. axb5 axb5 36. h5 g5 37. h6 Be5 38. Rh5 Rg8 39. Ne7 Re8 40. Nd5 Rg8 41. Ke3 Rc4 42. Rb1 b4 43. Rxb4 Rxb4 44. Nxb4 Bf4+ 45. Kd4 Rb8 46. Nc6 Rb2 47. Rh1 Rd2+ 48. Kc3 Re2 49. Rb1 Kg8 50. Rb7 1-0

[Event "*** Titled Tuesday Blitz"]
[Site "Chess.com"]
[Date "2020.10.20"]
[Round "3"]
[White "Abdimalik_Abdisalimov"]
[Black "Makswolf200817"]
[Result "1-0"]
[WhiteElo "2750"]
[BlackElo "2441"]
[TimeControl "180+1"]
[EndTime "10:29:39 PDT"]
[Termination "Abdimalik_Abdisalimov won by resignation"]

1. d4 d5 2. c4 e6 3. Nc3 c6 4.
e4 dxe4 5. Nxe4 Bb4+ 6. Bd2 Qxd4 7. Bxb4 Qxe4+ 8. Ne2 Na6 9. Bf8 Qe5 10. Qd2 Bd7 11.
Bd6 Qe4 12. O-O-O O-O-O 13. Nc3 Qf5 14. Bd3 Qa5 15. Kb1 Be8 16. Bf8 Qe5 17. Rhe1 Qf6 18. Ne4 Qd4 19. Bc2 Qxd2 20. Nxd2 Bd7 21. Bxg7 Ne7 22.
Bxh8 Rxh8 23. Ne4 Kc7 24. Nf6 Bc8 25. Bxh7 Nc5 26. h3 a5 27. Bc2 Rh6 28. Ng4 Rh8 29. b3 Na6 30. Kb2 Nb4 31. Bb1 Rg8 32. Rd2 f5 33.
Ne3 Ng6 34. g4 Nh4 35. Rdd1 f4 36. Nc2 Nf3 37. Re2 Na6 38. Ne1 Nh4 39. Nd3 Rf8 40.
Ne5 Nc5 41. Ng6 Nxg6 42. Bxg6 Rh8 43. Re5 Nd7 44. Rh5 Rg8 45. Bc2 Nf6 46. Re5 Rh8 47. g5 Nd7 48. Rxe6 Rxh3 49. Re7 Kd8 50. Rexd7+ Bxd7 51.
Rxd7+ Kxd7 1-0

[Event "*** Titled Tuesday Blitz"]
[Site "Chess.com"]
[Date "2020.10.20"]
[Round "3"]
[White "ShcufNaiRolf"]
[Black "Mikhail_Golubev"]
[Result "0-1"]
[WhiteElo "2335"]
[BlackElo "2527"]
[TimeControl "180+1"]
[EndTime "10:29:40 PDT"]
[Termination "Mikhail_Golubev won by resignation"]

1. e4 c5 2. Nf3 d6 3. d4 Nf6 4. Nc3 cxd4 5. Nxd4 Nc6 6. Bg5 e6 7. Qd2 a6 8. O-O-O Bd7 9. f3 Be7 10. h4 Nxd4 11. Qxd4 Rc8 12. Kb1 Qc7 13. Bd3 Qc5 14. Qxc5 Rxc5 15. Be3 Rc8 16. Be2 O-O 17. Bf4 Rc6 18.
Rd2 Rfc8 19. Rhd1 Ne8 20. h5 Rc5 21. g4 b5 22. a3 Kf8 23. Bf1 a5 24. Be3 b4 25.
axb4 axb4 26. Na2 Ra5 27. Nxb4 Rca8 28. c3 Ba4 29. Bb6 Bxd1 30. Rxd1 Ra1+ 31. Kc2 Rxd1 32.
Kxd1 Ra1+ 33. Ke2 Rb1 34. Nd3 d5 35. exd5 exd5 36. Bg2 Nd6 37. Bd4 Nc4 38. b4 Nb2 39. Nxb2 Rxb2+ 40. Kf1 Ke8 41. f4 Bf6 42. Bxd5 Bxd4 43.
cxd4 Rxb4 44. Be4 Rxd4 45. Bxh7 Rxf4+ 46. Ke2 Rxg4 47. Kf3 Rg5 48. Be4 Rxh5 49. Kg4 Rc5 50. Kf3 g6 51. Bd3 f5 0-1

[Event "*** Titled Tuesday Blitz"]
[Site "Chess.com"]
[Date "2020.10.20"]
[Round "3"]
[White "Goryachkina"]
[Black "Sychev_Klementy"]
[Result "1/2-1/2"]
[WhiteElo "2664"]
[BlackElo "2873"]
[TimeControl "180+1"]
[EndTime "10:29:41 PDT"]
[Termination "Game drawn by repetition"]

1. e4 e5 2. Nf3 Nc6 3. Bc4 Nf6 4. d3 Bc5 5. O-O O-O 6. h3 a6 7. a4 d6 8. c3 Ba7 9. Nbd2 Kh8 10. Re1 Ng8 11. Nf1 f5 12. exf5 Bxf5 13. Be3 Nf6 14. Ng3 Bg6 15. Bxa7 Rxa7 16. d4 exd4 17. Nxd4 Nxd4 18. Qxd4 Ra8 19. Re3 c5 20. Qh4 d5 21. Bd3 d4 22. Rf3 Nd7 23. Qxd8 Raxd8 24. Rxf8+ Nxf8 25. Bxg6 Nxg6 26. cxd4 Rxd4 27. Re1 Kg8 28. Ne4 Rxa4 29. Nxc5 Rb4 30. Re8+ Kf7 31. Rb8 Rxb2 32. Nxa6 Ne5 33. Nc5 b5 34. Rb7+ Kf6 35. Nd7+ Nxd7 36.
Rxd7 b4 37. Rb7 h5 38. h4 b3 39. Kh2 g6 40. Kg3 Rb1 41. Rb6+ Kf5 42. Kf3 Rb2 43. Rb5+ Kf6 44. Rb6+ Kg7 45. Rb7+ Kh6 46. g3 Rb1 47. Kg2 Rb2 48. Kf3 Rb1 49. Kg2 Rb2 50. Kf3 1/2-1/2

[Event "*** Titled Tuesday Blitz"]
[Site "Chess.com"]
[Date "2020.10.20"]
[Round "3"]
[White "Beca95"]
[Black "Margency"]
[Result "1/2-1/2"]
[WhiteElo "2893"]
[BlackElo "2679"]
[TimeControl "180+1"]
[EndTime "10:29:43 PDT"]
[Termination "Game drawn - insufficient material"]

1. Nf3 Nf6 2. c4 e6 3. Nc3 d5 4. e3 c5 5. cxd5 exd5 6. Bb5+ Bd7 7. Bxd7+ Qxd7 8. d4 Nc6 9. O-O c4 10. b3 Bb4 11. Ne2 cxb3 12. Qxb3 O-O 13. Ne5 Qe7 14. Rb1 Bd6 15. Qxb7 Qxb7 16. Rxb7 Nxe5 17. dxe5 Bxe5 18. Ba3 Rfc8 19. Rc1 Rxc1+ 20. Bxc1 h5 21. g3 a5 22. Bb2 Bxb2 23. Rxb2 Rc8 24. Nd4 Rc4 25. Kg2 Ra4 26.
h3 g6 27. Kf3 Ne4 28. Rc2 Kg7 29. g4 hxg4+ 30. hxg4 Kf6 31. Kg2 Rc4 32. Rb2 Ra4 33.
f4 Nc3 34. g5+ Kg7 35. Rb7 Rxa2+ 36. Kh3 Ne4 37. Ne6+ Kg8 38. Rb8+ Kh7 39. Nd8 Ra3 40. Nxf7 Rxe3+ 41. Kg2 a4 42. Ne5 Nxg5 43. Rb7+ Kg8 44. Nxg6 Ne4 45. Ne7+ Kf8 46. Nxd5 Rg3+ 47. Kh2 Rd3 48. Nc7 a3 49. Ra7 Nd6 50. Ne6+ Ke8 51.
Nc5 Rc3 52. Ne6 Rc2+ 53. Kh3 a2 54. Nd4 Rd2 55. Kg4 Rxd4 56. Rxa2 Ke7 57. Ra6 Ke6 58.
Rb6 Ra4 59. Rc6 Rd4 60. Ra6 Kf7 61. Kg5 Ne4+ 62. Kf5 Ng3+ 63. Kg4 Ne2 64. Kg5 Nxf4 65. Rf6+ Ke7 66. Rxf4 Rxf4 67. Kxf4 1/2-1/2

[Event "*** Titled Tuesday Blitz"]
[Site "Chess.com"]
[Date "2020.10.20"]
[Round "3"]
[White "chessmadara"]
[Black "Trickov"]
[Result "1-0"]
[WhiteElo "2140"]
[BlackElo "2334"]
[TimeControl "180+1"]
[EndTime "10:29:43 PDT"]
[Termination "chessmadara won on time"]

1. e4 c5 2. Nf3 d6 3. d4 Nf6 4. Nc3 cxd4 5. Nxd4 a6 6. Bg5 e6 7. Qd2 Nc6 8. O-O-O Qb6 9. Kb1 Nxd4 10. Qxd4 Qxd4 11.
Rxd4 Be7 12. f4 h6 13. Bxf6 gxf6 14. Be2 h5 15. Bf3 Bd7 16. Rhd1 Bc6 17. a4 h4 18. h3 Bf8 19. b4 Rg8 20. b5 axb5 21. axb5 Bd7 22. Kb2 Ra5 23. Ra1 Rxa1 24. Kxa1 Ke7 25.
Kb2 Bh6 26. f5 Bf4 27. Rc4 Be5 28. Rc7 Rb8 29. b6 Kd8 30. Kb3 Bd4 31. fxe6 fxe6 32. Na4 Bxb6 33. Rxd7+ Kxd7 34. Nxb6+ Kc7 35. Nc4 Ra8 36.
Na3 Ra5 37. Kb4 Rg5 38. Nb5+ Kd7 39. Nd4 Rc5 40. c4 Rc8 41. Bg4 Re8 42. Kb5 f5 43.
exf5 exf5 44. Nxf5 Kc7 45. Nxh4 Re5+ 46. Kb4 d5 47.
Ng6 Rg5 48. Nf4 1-0

[Event "*** Titled Tuesday Blitz"]
[Site "Chess.com"]
[Date "2020.10.20"]
[Round "3"]
[White "AlexTriapishko"]
[Black "DenishevM"]
[Result "0-1"]
[WhiteElo "2808"]
[BlackElo "2565"]
[TimeControl "180+1"]
[EndTime "10:29:44 PDT"]
[Termination "DenishevM won on time"]

1. Nf3 Nf6 2. g3 b6 3. Bg2 Bb7 4. O-O c5 5. c4 e6 6. b3 Be7 7. Bb2 O-O 8. Nc3 d6 9. Re1 Nbd7 10. e4 a6 11. d4 cxd4 12. Nxd4 Qc7 13. Rc1 Rac8 14. Qe2 Rfe8 15. h3 Qb8 16. Kh2 Qa8 17. f4 Nf8 18. Rcd1 Red8 19. f5 N6d7 20. Rf1 Ne5 21.
h4 Bf6 22. fxe6 fxe6 23. Rxf6 gxf6 24. Rf1 f5 25. exf5 Bxg2 26. Qxg2 Ng4+ 27. Kg1 Qxg2+ 28.
Kxg2 Ne3+ 29. Kf2 Nxf1 30. Kxf1 exf5 31. Nd5 Kf7 32. Nxb6 d5 33. Nxc8 Rxc8 34. Nxf5 Ke6 35. Nd4+ Kd6 36. cxd5 Kxd5 37. Ke2 Ng6 38. Ke3 Ne5 39.
Nf5 Rc2 40. Bxe5 Kxe5 41. Nh6 Rxa2 42. Nf7+ Kf6 43. Ng5 Ra3 44. Nxh7+ Kg7 45. Ng5 Rxb3+ 46. Kf4 a5 47. h5 a4 48. Ne6+ Kg8 49. Nc5 Rb4+ 50.
Ke3 a3 51. Nd3 Rb3 0-1

[Event "*** Titled Tuesday Blitz"]
[Site "Chess.com"]
[Date "2020.10.20"]
[Round "3"]
[White "Gogolev_Artemy"]
[Black "Harsha_Bharathakoti"]
[Result "1/2-1/2"]
[WhiteElo "2516"]
[BlackElo "2774"]
[TimeControl "180+1"]
[EndTime "10:29:45 PDT"]
[Termination "Game drawn - insufficient material"]

1. Nf3 d5 2. c4 d4 3. g3 Nc6 4. Bg2 e5 5. O-O Nf6 6. d3 a5 7. e3 Be7 8. exd4 exd4 9. Re1 O-O 10. Na3 Bb4 11. Bd2 Bf5 12. Ne5 Nxe5 13. Rxe5 Bxd3 14.
Bxb4 axb4 15. Qxd3 bxa3 16. bxa3 Qd6 17. Qf5 Rxa3 18. Bxb7 d3 19. Rd1 d2 20. Re2 Rxa2 21. Qb1 Ra4 22. Rexd2 Qc5 23. Bd5 c6 24. Bf3 Rxc4 25. Rd8 Rb4 26. Rxf8+ Qxf8 27. Qxb4 Qxb4 28. Rd8+ Qf8 29. Rxf8+ Kxf8 30. Bxc6 Ke7 31. Bf3 Kd6 32. Kf1 Nd7 33. Ke2 Ne5 34. Be4 g6 35. h4 f5 36. Bc2 Kd5 37. Ke3 Ng4+ 38. Kf3 Kd4 39. Bb3 h6 40. Bg8 Ne5+ 41. Kf4 Nd3+ 42. Kf3 Ne1+ 43.
Ke2 Nd3 44. Bh7 Nc1+ 45. Kf3 Nd3 46. Bxg6 Ne5+ 47. Kf4 Nxg6+ 48. Kxf5 Ne5 49. g4 Nf3 50. g5 Nxh4+ 51. Kg4 hxg5 52. Kxg5 Ke4 53. Kxh4 Kf3 54. Kg5 Kxf2 1/2-1/2

[Event "*** Titled Tuesday Blitz"]
[Site "Chess.com"]
[Date "2020.10.20"]
[Round "3"]
[White "AliKa2810"]
[Black "Berant"]
[Result "1-0"]
[WhiteElo "2603"]
[BlackElo "2373"]
[TimeControl "180+1"]
[EndTime "10:29:45 PDT"]
[Termination "AliKa2810 won by resignation"]

1. e4 c5 2. c3 Nf6 3. e5 Nd5 4. d4 cxd4 5. Nf3 Nc6 6. Bc4 e6 7. cxd4 d6 8. O-O dxe5 9. dxe5 Nb6 10. Qxd8+ Nxd8 11. Bb3 Bd7 12. Nc3 Bb4 13. Rd1 Rc8 14.
Ne4 Bc6 15. Nd6+ Bxd6 16. exd6 f6 17. Be3 Kd7 18. Nd4 Bd5 19. Nb5 Nc4 20. Nxa7 Nxe3 21.
Ba4+ Nc6 22. Nxc8 Nxd1 23. Nb6+ Kxd6 24. Rxd1 Kc5 25. Nxd5 exd5 26. Rc1+ Kb6 27. Kf1 Re8 28. Rd1 Kc5 29. a3 d4 30. b4+ Kd6 31. Bxc6 Kxc6 32.
Rxd4 Ra8 33. Rd3 b5 34. Ke2 Re8+ 35. Kd2 Re5 36. h3 Rg5 37. g4 h5 38. f4 Rg6 39.
f5 Rg5 40. Rd4 h4 41. Kc3 g6 42. Rf4 gxf5 43. Rxf5 Rg6 44. Kd4 Kd6 45. Rxb5 Rg8 46.
Rb6+ Ke7 47. b5 Rd8+ 48. Ke4 Ra8 49. Ra6 Rc8 50. a4 Rc4+ 51. Kd5 Rc3 52. b6 Kd7 53. Ra7+ Kc8 54. a5 Rxh3 55. a6 Rb3 56. Ra8+ Kd7 57. b7 Kc7 58. Rc8+ Kd7 59. b8=Q Rd3+ 60. Ke4 1-0

[Event "*** Titled Tuesday Blitz"]
[Site "Chess.com"]
[Date "2020.10.20"]
[Round "3"]
[White "PhileKhoob"]
[Black "AttractiveMustard"]
[Result "1-0"]
[WhiteElo "2544"]
[BlackElo "2348"]
[TimeControl "180+1"]
[EndTime "10:29:45 PDT"]
[Termination "PhileKhoob won by resignation"]

1. e4 c5 2. Nf3 Nc6 3. Bb5 d6 4.
O-O Bd7 5. d4 cxd4 6. Nxd4 Nf6 7. Nc3 e6 8. Re1 Be7 9. Bg5 O-O 10. Nxc6 bxc6 11. Bd3 h6 12. Bh4 Rb8 13. b3 Qa5 14. Qd2 Rfe8 15. Rad1 Qh5 16. Bg3 e5 17. f3 Qg6 18. Bc4 Nh5 19. Bf2 Nf4 20. Bxa7 Ra8 21. Be3 Ne6 22. a4 Red8 23. Bb6 Rdc8 24. a5 Nf4 25. Kh1 Be6 26. Bf1 h5 27. Qf2 h4 28. Ne2 Nxe2 29. Rxe2 Qg5 30. Red2 d5 31.
exd5 cxd5 32. Re2 d4 33. Re4 h3 34. g3 Bd5 35. Ree1 Qf5 36. Rd3 e4 37. Rxd4 exf3 38. Bd3 Qd7 39. Rxd5 Qxd5 40. Rxe7 Re8 41. Re3 Rxe3 42.
Bxe3 Re8 43. Bd2 Qe5 44. a6 Qa1+ 45. Qf1 Qxf1+ 46. Bxf1 f2 47. a7 Ra8 48. Be3 Kf8 49. Bxf2 Ke7 50. Bxh3 Kd6 51. Bg2 1-0

[Event "*** Titled Tuesday Blitz"]
[Site "Chess.com"]
[Date "2020.10.20"]
[Round "3"]
[White "GMTalks_Youtube"]
[Black "Jospem"]
[Result "0-1"]
[WhiteElo "2608"]
[BlackElo "2951"]
[TimeControl "180+1"]
[EndTime "10:29:46 PDT"]
[Termination "Jospem won on time"]

1. d4 Nf6 2. Bf4 e6 3. e3 b6 4.
Qf3 Nc6 5. Nc3 Bb7 6. Nge2 d5 7.
a3 Bd6 8. g4 Qe7 9. Bg2 O-O-O 10.
g5 Nd7 11. Qg3 h6 12. h4 hxg5 13. hxg5 Rxh1+ 14. Bxh1 Nf8 15. Bxd6 cxd6 16. O-O-O Ng6 17. Bf3 Kb8 18. Rh1 a6 19. Rh7 Qf8 20. Nf4 Nce7 21.
Nxg6 Nxg6 22. Be2 Ka7 23. Bd3 e5 24. Kb1 Re8 25. Ka2 Qg8 26. Rh1 Nf8 27. f4 g6 28. f5 gxf5 29. Bxf5 Qg7 30. Rh6 Ne6 31. Bxe6 fxe6 32. Qh4 Qc7 33. Qf2 Qd8 34. g6 Rf8 35. Qg3 Qc7 36. Qe1 Qc4+ 37. b3 Qc7 38. Rh7 Qc8 39.
Kb2 Rg8 40. Qh4 exd4 41. exd4 Rxg6 42. Qe7 e5 43. Nxd5 Rg2 44. Ne3 Re2 45. Nc4 d5 46.
Rh8 Qxh8 47. Nd6 Qb8 48. dxe5 d4 49. Qd7 d3 50. Nc8+ Qxc8 0-1

[Event "*** Titled Tuesday Blitz"]
[Site "Chess.com"]
[Date "2020.10.20"]
[Round "3"]
[White "oneshot007"]
[Black "Boundless_Strike"]
[Result "1-0"]
[WhiteElo "2324"]
[BlackElo "2491"]
[TimeControl "180+1"]
[EndTime "10:29:46 PDT"]
[Termination "oneshot007 won by resignation"]

1. e4 e5 2. Nf3 d5 3. Nxe5 Bd6 4. d4 dxe4 5. Bc4 Bxe5 6. Qh5 Qe7 7. Qxe5 Qxe5 8.
dxe5 Nc6 9. Nc3 Nxe5 10. Nd5 Kd7 11. Bb3 c6 12. Nc3 f5 13. Bf4 Ng6 14. O-O-O+ Ke8 15. Bg5 N8e7 16. h4 h6 17. Be3 f4 18. Bd4 Nf5 19.
h5 Ngh4 20. Rhe1 Nxd4 21. Rxd4 Ke7 22. Rdxe4+ Kd6 23. Rxf4 Nxg2 24. Rd4+ Kc5 25. Rc4+ Kb6 26. Re7 Rf8 27. Na4+ Ka5 28. Rc5+ b5 29. Nc3 Rxf2 30. a4 a6 31. Rxg7 Bf5 32. Kb1 Re8 33. axb5 axb5 34. Rxc6 Ra8 35. Rb7 Rf1+ 36. Ka2 Kb4+ 37. Ba4 Ra5 38.
Rxb5+ Rxb5 39. Bxb5 Bxc2 40. Bxf1 Bb3+ 41. Kb1 Ne3 42.
Rb6+ Kc5 43. Rxb3 Nxf1 44. Rb5+ Kc4 45. Rb6 Nd2+ 46. Kc2 Nf3 47. Rxh6 Nd4+ 48. Kb1 Kb3 49. Rb6+ Kc4 50. h6 Nf3 51. h7 Nd2+ 52. Kc2 Nf3 53. h8=Q Nd4+ 54. Kb1 1-0

[Event "*** Titled Tuesday Blitz"]
[Site "Chess.com"]
[Date "2020.10.20"]
[Round "3"]
[White "ViktoriyaTarasova"]
[Black "Skat2704"]
[Result "1-0"]
[WhiteElo "2253"]
[BlackElo "1197"]
[TimeControl "180+1"]
[EndTime "10:29:46 PDT"]
[Termination "ViktoriyaTarasova won by resignation"]

1. d4 d5 2. c4 e6 3. Nc3 Be7 4. cxd5 exd5 5. Bf4 Nf6 6. Qc2 O-O 7. h3 b6 8. e3 Bb7 9. Bd3 c5 10. Nf3 Na6 11.
a3 Nc7 12. O-O Ne6 13. Bh2 h6 14. Rfd1 Rc8 15. Bf5 a6 16. Ne5 cxd4 17. exd4 b5 18. Qe2 Qb6 19. Qe3 Ng5 20. Bxc8 Rxc8 21. Rac1 Nge4 22.
Ne2 Rd8 23. Qd3 Nd6 24. b3 Nfe4 25. Rc2 Bh4 26. g3 Bf6 27. Ng4 Bg5 28. h4 Be7 29. f3 Nf6 30. Nxf6+ Bxf6 31. Kg2 Re8 32. Nf4 a5 33.
Re2 Rd8 34. Nh5 Ne4 35. fxe4 dxe4 36. Nxf6+ Qxf6 37. Qe3 Qf3+ 38. Kg1 Qg4 39. Rc1 Rd6 40. Rf2 Qd7 41. Rd2 Rg6 42. Rdc2 Rd6 43. Rc7 Qg4 44.
Rxb7 Rf6 45. Rf1 Rxf1+ 46. Kxf1 Qd1+ 47. Kg2 Qc2+ 48. Qf2 Qc6 49. Rb8+ Kh7 50. Qe3 g6 51. g4 Qc2+ 52. Kh3 Qd1 53. Qf2 Kg7 54. Be5+ 1-0

[Event "*** Titled Tuesday Blitz"]
[Site "Chess.com"]
[Date "2020.10.20"]
[Round "3"]
[White "MPGM"]
[Black "shineatchess"]
[Result "1-0"]
[WhiteElo "2442"]
[BlackElo "2192"]
[TimeControl "180+1"]
[EndTime "10:29:46 PDT"]
[Termination "MPGM won on time"]

1. e4 Nf6 2. e5 Nd5 3. d4 d6 4.
Nf3 g6 5. c4 Nb6 6. Nc3 Bg7 7.
Bf4 O-O 8. Be2 Nc6 9. O-O Bg4 10. Re1 Bxf3 11. Bxf3 Nxc4 12. Qb3 Nb6 13. Rad1 Qc8 14. Bg3 a5 15. Nd5 Nxd5 16. Bxd5 a4 17. Qf3 Ra6 18.
e6 f5 19. Bh4 Qd8 20. Bxc6 Rxc6 21. Rc1 Rxc1 22. Rxc1 Bxd4 23. Qxb7 Bb6 24. Rc6 Qa8 25. Rxb6 cxb6 26. Qxe7 Qc6 27. h3 Qc1+ 28. Kh2 Qxb2 29. Qxd6 Qb5 30. e7 Re8 31. Qe6+ Kg7 32. Bf6+ Kh6 33. Qe3+ f4 34. Qxf4+ g5 35. Qd6 Qf5 36. Kg1 Qb1+ 37. Kh2 Qf5 38. f3 Qf4+ 39. Qxf4 gxf4 40.
Bd4 Rxe7 41. Bxb6 Re2 42. a3 Ra2 43. Bc5 Kg5 44. Be7+ Kf5 45. h4 1-0

[Event "*** Titled Tuesday Blitz"]
[Site "Chess.com"]
[Date "2020.10.20"]
[Round "3"]
[White "Blitzstream"]
[Black "eljanov"]
[Result "0-1"]
[WhiteElo "2663"]
[BlackElo "2886"]
[TimeControl "180+1"]
[EndTime "10:29:48 PDT"]
[Termination "eljanov won by resignation"]

1. d4 Nf6 2. Bg5 e6 3. e4 h6 4.
Bxf6 Qxf6 5. c3 d6 6. Bd3 e5 7. Ne2 Nc6 8. O-O Bd7 9. f4 exd4 10. cxd4 Nxd4 11. Nbc3 Bc6 12. Kh1 Be7 13. e5 dxe5 14.
fxe5 Qxe5 15. Nxd4 Qxd4 16. Rxf7 Bf6 17. Rxf6 Qxf6 18.
Qh5+ Kd8 19. Bf5 Re8 20. Rd1+ Ke7 21. Bd7 Kf8 22. Bxe8 Rxe8 23. Qg4 Kg8 24. h3 Kh7 25. a4 Qg6 26. Qxg6+ Kxg6 27. Kg1 a5 28. Kf2 Kf7 29. Ne2 Bxa4 30. Ra1 Bb5 31. Nc3 Bc6 32. Rxa5 Rd8 33. b4 Rd2+ 34. Ne2 Bxg2 35. Rf5+ Kg8 36. Rf4 Bc6 37.
Ke3 Rb2 38. Nc3 Rb3 39. Kd3 Bd7 40. h4 Ra3 41. Kc2 Ra8 42. b5 Rf8 43. Rc4 c6 44. b6 Bf5+ 45. Kb2 Rf6 46. Na4 Bc8 47. Nc5 Rf5 48.
Kc3 g5 49. hxg5 hxg5 50. Kb4 Rf4 51. Ne4 g4 52. Nd6 Rxc4+ 53. Kxc4 g3 54. Nxc8 g2 55. Ne7+ Kh7 56. Nxc6 g1=Q 57. Na5 Qxb6 0-1

[Event "*** Titled Tuesday Blitz"]
[Site "Chess.com"]
[Date "2020.10.20"]
[Round "3"]
[White "tteshan"]
[Black "Philosopherrr"]
[Result "1-0"]
[WhiteElo "2397"]
[BlackElo "2596"]
[TimeControl "180+1"]
[EndTime "10:29:48 PDT"]
[Termination "tteshan won by resignation"]

1. d4 Nf6 2. c4 e6 3. Nc3 Bb4 4. e3 b6 5. Bd3 Bb7 6. Ne2 O-O 7. O-O d5 8. a3 dxc4 9. Bxc4 Bd6 10. Bd3 Nbd7 11. Ng3 a6 12. e4 e5 13. d5 Re8 14.
Bg5 h6 15. Be3 Nf8 16. Rc1 Ng6 17. Nf5 Bf8 18. f3 c6 19. dxc6 Bxc6 20. Qe2 b5 21.
Rfd1 Qb8 22. b4 Bb7 23. Qf2 Nf4 24. Bb1 g6 25. Ng3 a5 26. Nxb5 axb4 27. axb4 Bxb4 28. Nc7 Ra3 29. Nxe8 Qxe8 30. Bc5 Bxc5 31. Qxc5 Ra8 32. Qb6 N6h5 33. Nxh5 gxh5 34. Qxb7 Ne2+ 35. Kh1 Nxc1 36. Rxc1 Rb8 37. Qa6 Kg7 38. h3 Qd8 39. Qe2 Qg5 40.
Rd1 h4 41. Bd3 Rb7 42. Bc4 Ra7 43. Qf2 Rc7 44. Bf1 Rc3 45. f4 exf4 46. Qd4+ Qf6 47. e5 Qc6 48. e6+ Kf8 49. Qh8+ Ke7 50. Rd7+ Kxe6 51. Qe8+ Kf5 52. Qxf7+ Kg5 53. Rd5+ Qxd5 54.
Qxd5+ Kg6 55. Bd3+ Rxd3 56. Qxd3+ Kh5 57. Qf3+ Kg5 58.
Qg4+ 1-0

[Event "*** Titled Tuesday Blitz"]
[Site "Chess.com"]
[Date "2020.10.20"]
[Round "3"]
[White "rynos0411"]
[Black "A-S-00"]
[Result "1-0"]
[WhiteElo "2502"]
[BlackElo "2278"]
[TimeControl "180+1"]
[EndTime "10:29:48 PDT"]
[Termination "rynos0411 won on time"]

1. d4 d5 2. c4 c6 3. Nf3 Nf6 4. e3 g6 5. Nc3 Bg7 6. Be2 O-O 7. O-O dxc4 8. Bxc4 b5 9. Be2 a6 10. b3 Bb7 11. Bb2 Nbd7 12. Rc1 Rc8 13. h3 c5 14. Qd2 cxd4 15. Nxd4 Nb6 16. Rfd1 b4 17. Na4 Nxa4 18. bxa4 Qa5 19. Nb3 Qxa4 20.
Nc5 Rxc5 21. Rxc5 Ne4 22. Bxg7 Nxd2 23. Bxf8 Qxa2 24. Bh6 e6 25. Rc7 Qd5 26. Rxb7 Qxb7 27. Rxd2 f6 28. Bc4 Kf7 29. Rd6 Qc7 30. Bxe6+ Ke7 31.
Rd7+ Qxd7 32. Bxd7 Kxd7 33. Bf8 a5 34. Kf1 Kc6 35.
Ke2 Kb5 36. Kd2 a4 37. Kc2 Kc4 38. Bg7 f5 39. g4 a3 40. gxf5 gxf5 41. Bf8 b3+ 42.
Kb1 a2+ 43. Kb2 Kd3 44. Bg7 Ke2 45. Bd4 h5 46. Kxb3 a1=Q 47. Bxa1 Kxf2 48. Bd4 Kg3 49. Kc2 Kxh3 50. Kd3 Kg3 51. Ke2 h4 52. Be5+ Kg2 53. Kd3 1-0

[Event "*** Titled Tuesday Blitz"]
[Site "Chess.com"]
[Date "2020.10.20"]
[Round "3"]
[White "chess94cu"]
[Black "Rubinstein_Akiba"]
[Result "0-1"]
[WhiteElo "2555"]
[BlackElo "2379"]
[TimeControl "180+1"]
[EndTime "10:29:50 PDT"]
[Termination "Rubinstein_Akiba won on time"]

1. d4 Nf6 2. c4 e6 3. Nf3 d5 4.
Nc3 Bb4 5. cxd5 exd5 6. Bg5 h6 7. Bh4 g5 8. Bg3 Ne4 9. Nd2 Nxc3 10. bxc3 Bxc3 11.
Rc1 Bxd2+ 12. Qxd2 c6 13. h4 g4 14. Be5 f6 15.
Bf4 h5 16. e3 Bf5 17. Be2 Nd7 18. O-O Qe7 19. Qa5 Nf8 20. Bg3 Kf7 21. Rfe1 Kg6 22.
Qd2 Rg8 23. Bd3 Qd7 24. Rb1 Rg7 25. e4 dxe4 26. Bxe4 Bxe4 27. Rxe4 Qf5 28. Rbe1 Rd8 29.
Rf4 Qd5 30. Qc2+ Kf7 31. Rf5 Qd7 32. Rxh5 Ne6 33. Rh6 Nxd4 34. Qe4 Nf5 35. Rxf6+ Kxf6 36. Be5+ Kg6 37. Qxg4+ Kh7 38. Bxg7 Nxg7 39. Qg5 Rf8 40. Re7 Qd4 41. h5 Qxf2+ 42. Kh2 Qf4+ 43. Qxf4 Rxf4 44. Rxb7 Ra4 45. Kh3 Kh6 46. g4 Rxa2 47. Rc7 Rc2 48. Rxa7 Rc4 0-1

[Event "*** Titled Tuesday Blitz"]
[Site "Chess.com"]
[Date "2020.10.20"]
[Round "3"]
[White "Korchmar_Vasiliy"]
[Black "NotFischer"]
[Result "1-0"]
[WhiteElo "2595"]
[BlackElo "2247"]
[TimeControl "180+1"]
[EndTime "10:29:50 PDT"]
[Termination "Korchmar_Vasiliy won by resignation"]

1. e4 d5 2. exd5 Nf6 3. d4 Bg4 4. Nf3 Qxd5 5. c4 Bxf3 6. Qxf3 Qxf3 7. gxf3 Nc6 8. Be3 O-O-O 9. d5 Nb4 10. Na3 Kb8 11. Be2 g6 12. O-O Bg7 13. Bc5 a5 14. Nb5 b6 15. Bxe7 Rde8 16. Bxb4 axb4 17. Bd3 Nd7 18.
Rab1 Nc5 19. Rfd1 Rd8 20. Kf1 Rhe8 21. Bc2 Kb7 22. d6 c6 23. d7 Re7 24. Nd6+ Kc7 25.
Ne8+ Rdxe8 26. dxe8=Q Rxe8 27. Re1 Rxe1+ 28. Rxe1 Bf6 29.
b3 Ne6 30. Kg2 Nd4 31. Bb1 Kd6 32. Re8 Ne6 33. Rb8 Kc7 34. Ra8 Bd4 35. Be4 Nc5 36. Ra7+ Kd6 37. Rxf7 h5 38. Bxg6 h4 39. Rh7 Bf6 40.
Be4 Nd7 41. Rh6 Kc7 42. Rh7 Kd6 43. Rh6 Kc7 44. Rg6 Be7 45. Rxc6+ Kd8 46. Rg6 Ne5 47. Rxb6 Bc5 48. Rb5 Nd7 49. Bc6 Bd6 50. Bxd7 Kxd7 51. Rd5 Ke7 52. Rxd6 Kxd6 53. Kh3 Ke5 54. Kxh4 Kd4 55.
Kg5 Kc3 56. c5 Kb2 57. c6 Kxa2 58. c7 Kxb3 59. c8=Q Ka3 60. Qb7 b3 61. Qxb3+ Kxb3 62. f4 1-0

[Event "*** Titled Tuesday Blitz"]
[Site "Chess.com"]
[Date "2020.10.20"]
[Round "3"]
[White "szefru"]
[Black "Gerodot71"]
[Result "1-0"]
[WhiteElo "2256"]
[BlackElo "2449"]
[TimeControl "180+1"]
[EndTime "10:29:51 PDT"]
[Termination "szefru won by checkmate"]

1. e4 e5 2. Nf3 Nc6 3. Bb5 a6 4. Ba4 Nf6 5. Qe2 b5 6. Bb3 Bc5 7. c3 O-O 8. O-O d6 9. h3 Bb6 10. Rd1 h6 11. d3 Ne7 12. Nbd2 Ng6 13.
Nf1 Nh5 14. Be3 Nhf4 15. Qd2 Rb8 16. a4 Qf6 17. Bxb6 Rxb6 18. Qe3 bxa4 19. Bxa4 Rxb2 20. Rd2 Rxd2 21. N1xd2 Be6 22. Bb3 Bxb3 23. Nxb3 Rb8 24. Nbd2 Ra8 25. Nc4 Nh4 26. Nxh4 Qxh4 27. d4 Qg5 28. g4 exd4 29. cxd4 Re8 30. e5 dxe5 31. dxe5 Re6 32. Rb1 h5 33. Qf3 hxg4 34. hxg4 Rh6 35. Rb8+ Kh7 36. Qe4+ Ng6 37. Ne3 Rh4 38. e6 fxe6 39.
Qxe6 Ne7 40. Qe4+ Ng6 41. Qe6 Qf4 42. Qg8+ Kh6 43. Nf5+ Kg5 44. Qd8+ Kxg4 45. Nxh4 Nxh4 46. Qd7+ Nf5 47. Rb3 Qe5 48. Rg3+ Kf4 49. Qd2+ Ke4 50. Qd3+ Kf4 51. Qf3# 1-0

[Event "*** Titled Tuesday Blitz"]
[Site "Chess.com"]
[Date "2020.10.20"]
[Round "3"]
[White "medalja"]
[Black "C_K_G"]
[Result "0-1"]
[WhiteElo "2425"]
[BlackElo "2103"]
[TimeControl "180+1"]
[EndTime "10:29:53 PDT"]
[Termination "C_K_G won by checkmate"]

1. d4 d5 2. c4 c6 3. Nf3 Nf6 4. e3 e6 5. b3 Nbd7 6. Bd3 Bb4+ 7. Bd2 Bxd2+ 8. Qxd2 O-O 9. O-O Qe7 10. Nc3 e5 11.
dxe5 Nxe5 12. Nxe5 Qxe5 13. f4 Qe7 14. cxd5 cxd5 15.
Rad1 a6 16. Be2 Bf5 17. Bf3 Rad8 18. Rfe1 Rfe8 19. Qd4 h6 20. Nxd5 Nxd5 21. Bxd5 Bg4 22. Rd2 Be6 23. Qc4 b5 24. Qc6 Rd6 25. Qc5 Rc8 26. Qa3 Rc7 27. Bxe6 Rxd2 28. Qxe7 Rxe7 29. Bf5 Rxa2 30. g4 g6 31. Bd3 Rb2 32. f5 gxf5 33. Bxf5 Rxb3 34. e4 Rc7 35. e5 Kg7 36. h4 Rb2 37. h5 Rc3 38. e6 fxe6 39. Bxe6 Rg3+ 40. Kh1 Rgg2 41. Bf5 Rh2+ 42. Kg1 Rbg2+ 43. Kf1 Rh1+ 44. Kxg2 Rxe1 45. Kf3 Rc1 46. Kf4 a5 47. g5 hxg5+ 48.
Kxg5 Rg1+ 49. Bg4 a4 50. h6+ Kh7 51. Kh5 Rxg4 52. Kxg4 Kxh6 53. Kf5 a3 54. Ke4 a2 55.
Kd3 a1=Q 56. Ke4 Qc1 57. Kd5 b4 58. Kd6 b3 59. Ke7 b2 60. Kd7 b1=Q 61. Ke8 Qh7 62. Kd8 Qcc7+ 63. Ke8 Qce7# 0-1